AoeStats
← Red Calypso

Oasis

509758706Analyzed
2v2 RM · 4d ago on Sep 27, 2026· 50m 18s· 4 players
Game mode
Random Map
Map size
Medium (4 player)
Population
200
Speed
Normal
Resources
Standard
Victory
Conquest
Starting age
Dark Age
Ending age
Imperial Age
RankedLock teamsTeams togetherTeam positionsShared explorationLock speedFull tech treeHidden civsTurbo modeCheats
Victory
Defeat
🇺🇸 Varangians · United States
1471
+11
🇨🇴 Mongols · Colombia
1320
+16
🇦🇹 Saxons · Austria
1403
-16
🇩🇪 Chinese · Germany
1285
-11
Red Calypso
6:32 Loom
8:49 Feudal Age
9:46 Double-Bit Axe
16:24 Gold Mining
20:17 Castle Age
20:04 Scale Mail Armor
20:15 Forging
21:24 Chain Mail Armor
21:00 Fletching
21:10 Padded Archer Armor
21:58 Crossbowman
23:51 Bodkin Arrow
25:34 Bow Saw
36:47 Imperial Age
36:00 Stone Mining
37:39 Bracer
43:26 Ballistics
45:33 Chemistry
Secret_jed
0:25 Loom
9:17 Feudal Age
12:55 Fletching
21:13 Castle Age
19:24 Gold Mining
20:36 Padded Archer Armor
20:24 Double-Bit Axe
21:54 Bodkin Arrow
22:06 Crossbowman
23:17 Bow Saw
27:06 Ballistics
29:12 Wheelbarrow
30:32 Thumb Ring
34:16 Imperial Age
35:59 Chemistry
35:25 Bracer
36:17 Arbalester
38:17 Gold Shaft Mining
47:05 Leather Archer Armor
48:36 Ring Archer Armor
WavyDavyBby
6:23 Loom
7:17 Loom
9:30 Feudal Age
10:51 Double-Bit Axe
19:12 Castle Age
19:01 Bloodlines
18:36 Horse Collar
19:12 Scale Barding Armor
19:19 Forging
20:36 Chain Barding Armor
24:39 Wheelbarrow
30:08 Husbandry
42:55 Imperial Age
40:28 Fletching
44:16 Plate Barding Armor
45:51 Iron Casting
44:42 Cavalier
46:03 Hand Cart
48:16 Gold Mining
50:28 Blast Furnace
Fossil
6:57 Loom
11:32 Feudal Age
16:01 Castle Age
14:04 Gold Mining
14:36 Double-Bit Axe
16:29 Fletching
17:31 Horse Collar
20:28 Town Watch
23:28 Bow Saw
24:58 Bodkin Arrow
26:25 Ballistics
28:53 Wheelbarrow
28:30 Padded Archer Armor
30:26 Bloodlines
30:20 Husbandry
30:38 Leather Archer Armor
30:38 Heavy Plow
36:06 Imperial Age
33:35 Light Cavalry
35:52 Scale Barding Armor
35:57 Forging
36:54 Bracer
36:18 Hussar
37:22 Conscription
37:38 Stone Mining
37:20 Elite Mangudai
38:40 Hand Cart
38:57 Chain Barding Armor
39:13 Iron Casting
42:06 Chemistry
41:12 Siege Engineers
44:34 Caravan
46:08 Onager
50:30 Hoardings
50:41 Nomads
Connection lost

Rejoining the realm…

Still unreachable

The connection could not be restored.

Session expired

The server has moved on; the page needs a fresh start.